 Dungeon Sprint DCSS version 0.16-b1 (webtiles) character file.

109 Medar the Grave Robber (level 5, -2/31 HPs)
             Began as a Halfling Necromancer on Mar 6, 2015.
             Slain by a kobold demonologist
             ... wielding a +2 dagger of venom
              (6 damage)
             ... while paralysed by a giant eyeball
             ... in the Dungeon (Sprint I: "Red Sonja").
             The game lasted 00:03:29 (457 turns).

Medar the Grave Robber (Halfling Necromancer)        Turns: 457, Time: 00:03:29

Health: -2/31      AC:  2    Str:  8    XL:     5   Next: 13%
Magic:  12/12      EV:  3    Int: 15    God:
Gold:   54         SH:  0    Dex: 15    Spells: 2 memorised, 7 levels left

rFire  . . .     SeeInvis .     (no weapon)
rCold  . . .     Clarity  .     a - +0 robe
rNeg   . . .     SustAb   .     (no shield)
rPois  .         Gourm    .     (no helmet)
rElec  .         Spirit   .     (no cloak)
rCorr  .         Warding  .     (no gloves)
rMut   .         NoTele   +     (no boots)
MR     .....                    (no amulet)
Stlth  ++........               (no ring)
                                (no ring)

@: paralysed, not resistant to hostile enchantments, unstealthy
A: mutation resistance 1
a: no special abilities


You were in the Dungeon.
You were not hungry.

You visited 1 branch You collected 54 gold pieces.

Inventory:

Armour
 a - a +0 robe (worn)
Scrolls
 i - a scroll of blinking
Potions
 d - 2 potions of curing {@q1}
 g - 2 potions of magic
Books
 b - a book of Necromancy

   Spells                             Type                      Level
   a - Pain                           Necromancy                   1
   b - Animate Skeleton               Necromancy                   1
   c - Vampiric Draining              Necromancy                   3
   d - Regeneration                   Charms/Necromancy            3
   e - Animate Dead                   Necromancy                   4
   f - Control Undead                 Necromancy                   4
Comestibles
 c - a bread ration


   Skills:
 * Level 5.5 Dodging
 - Level 2.1 Stealth
 * Level 3.9 Spellcasting
 + Level 6.1 Necromancy


You had 7 spell levels left.
You knew the following spells:

 Your Spells              Type           Power        Failure   Level  Hunger
c - Vampiric Draining     Necr           ###.......   4%          3    ###....
x - Pain                  Necr           ###.         1%          1    None


Dungeon Overview and Level Annotations

Branches:
Dungeon (1/1)

Altars:
Cheibriados
Dithmenos
Fedhas
Jiyva

Annotations:
D Sigmund


Innate Abilities, Weirdness & Mutations

You are small and have problems with some larger weapons.
You are somewhat resistant to further mutation.


Message History

Something closely misses you.
A giant eyeball and a kobold demonologist come into view.
The kobold demonologist shouts!
The giant eyeball turns its gaze towards you.
The kobold demonologist shouts!
The slime creature jiggles.
The slime creature moves out of view.
The kobold demonologist casts a spell.
You feel troubled.
There is an open door here.
The kobold demonologist misses you.
The kobold demonologist closely misses you.
The magic dart hits you!
* * * LOW HITPOINT WARNING * * *
The kobold demonologist glows brightly for a moment.
The giant eyeball gazes at you.
You suddenly lose the ability to move!
The kobold demonologist barely misses you.
The kobold demonologist hits you with a dagger of venom.
You die...

###################
..#..'$$#__#${'...#
..'..#$$'..'$$#KG.#
#'#####+#__####K@.+
..# #### ##### ###


You could see 2 kobold demonologists and a giant eyeball.

Vanquished Creatures
  An ogre (D)
  Ijyb (D)
2 creatures vanquished.

Vanquished Creatures (others)
  A gargoyle (D)
1 creature vanquished.

Grand Total: 3 creatures vanquished

Notes
Turn   | Place    | Note
--------------------------------------------------------------
     0 | D        | Medar, the Halfling Necromancer, began the quest for the Orb.
     0 | D        | Reached XP level 1. HP: 11/11 MP: 2/2
     1 | D        | Noticed Ijyb
    14 | D        | Killed Ijyb
    14 | D        | Reached skill level 5 in Necromancy
    14 | D        | Reached XP level 2. HP: 15/17 MP: 0/3
   141 | D        | Noticed an ogre
   178 | D        | Killed an ogre
   178 | D        | Reached skill level 5 in Dodging
   178 | D        | Reached skill level 6 in Necromancy
   178 | D        | Reached XP level 3. HP: 16/21 MP: 0/8
   178 | D        | Reached XP level 4. HP: 20/27 MP: 0/10
   178 | D        | Reached XP level 5. HP: 22/31 MP: 0/12
   200 | D        | Learned a level 3 spell: Vampiric Draining
   275 | D        | Noticed Sigmund
   393 | D        | Killed a gargoyle
   441 | D        | Found a snail-covered altar of Cheibriados.
   441 | D        | Found a viscous altar of Jiyva.
   441 | D        | Found a shadowy altar of Dithmenos.
   441 | D        | Found a blossoming altar of Fedhas.
   441 | D        | Noticed a slime creature
   453 | D        | Noticed a kobold demonologist
   454 | D        | Noticed a kobold demonologist
   456 | D        | Paralysed by a giant eyeball for 2 turns
   457 | D        | Slain by a kobold demonologist

Action                   |  1- 3 |  4- 6 || total
-------------------------+-------+-------++-------
Melee: Unarmed           |    30 |    28 ||    58
 Cast: Pain              |     7 |     4 ||    11
       Vampiric Draining |       |     2 ||     2
  Use: Potion            |     2 |     1 ||     3
